AoeStats
← 念

Arena

508701823Analyzed
4v4 RM · 10d ago on Sep 23, 2026· 48m 55s· 8 players
Game mode
Random Map
Map size
Large (8 player)
Population
200
Speed
Normal
Resources
Standard
Victory
Conquest
Starting age
Dark Age
Ending age
Imperial Age
RankedLock teamsTeams togetherTeam positionsShared explorationLock speedFull tech treeHidden civsTurbo modeCheats
Victory
Defeat
🇪🇸 Italians · Spain
1316
+16
🇩🇪 Varangians · Germany
1289
+17
🇹🇼 Khmer · Taiwan
1287
+17
🇰🇼 Georgians · Kuwait
1271
+17
🇷🇺 Mongols · Russia
1328
-18
🇨🇴 Poles · Colombia
1325
-18
🇧🇩 Turks · Bangladesh
1324
-17
🇨🇳 Hindustanis · China
1244
-14
SteveROGERS
10:49 Feudal Age
12:07 Double-Bit Axe
18:50 Castle Age
16:34 Horse Collar
19:12 Loom
19:51 Bow Saw
19:47 Heavy Plow
23:01 Stone Mining
24:10 Gold Mining
27:05 Fletching
27:56 Wheelbarrow
28:26 Town Watch
31:47 Imperial Age
29:06 Treadmill Crane
29:47 Ballistics
30:57 Padded Archer Armor
30:53 Bodkin Arrow
31:28 Hand Cart
31:13 Town Patrol
32:10 Leather Archer Armor
32:08 Fortified Wall
31:50 Elite Genoese Crossbowman
33:36 Chemistry
33:49 Two-Man Saw
33:35 Conscription
33:19 Bracer
34:04 Stone Shaft Mining
34:15 Crop Rotation
34:57 Ring Archer Armor
40:42 Scale Barding Armor
40:48 Forging
42:44 Chain Barding Armor
43:00 Iron Casting
45:07 Bloodlines
44:17 Light Cavalry
Ryzeres
10:09 Feudal Age
14:33 Castle Age
13:33 Horse Collar
13:41 Double-Bit Axe
15:26 Loom
16:01 Bow Saw
22:01 Town Watch
24:30 Fletching
32:38 Wheelbarrow
32:11 Scale Barding Armor
32:34 Heavy Plow
34:08 Hand Cart
36:29 Chain Barding Armor
36:21 Forging
36:33 Bloodlines
36:24 Husbandry
36:49 Gold Mining
36:49 Stone Mining
36:54 Gold Mining
36:54 Stone Mining
38:53 Iron Casting
41:20 Imperial Age
41:14 Masonry
41:19 Bodkin Arrow
41:49 Ballistics
43:01 Plate Barding Armor
43:28 Blast Furnace
41:49 Elite Jarl
42:50 Conscription
42:34 Bracer
43:58 Architecture
45:30 Light Cavalry
49:33 Caravan
BøM_從小不缺鮑魚
9:48 Feudal Age
13:41 Castle Age
11:44 Double-Bit Axe
11:49 Horse Collar
14:47 Bow Saw
14:52 Heavy Plow
20:13 Wheelbarrow
19:58 Gold Mining
21:36 Gold Shaft Mining
21:45 Hand Cart
22:10 Stone Mining
25:32 Scale Barding Armor
25:38 Forging
28:21 Imperial Age
26:46 Chain Barding Armor
26:32 Husbandry
26:44 Bloodlines
28:00 Iron Casting
29:40 Plate Barding Armor
28:49 Elite Battle Elephant
30:50 Crop Rotation
32:08 Blast Furnace
31:15 Tusk Swords
31:36 Loom
32:10 Heavy Scorpion
33:17 Ballistics
33:21 Fletching
33:43 Double Crossbow
34:49 Chemistry
35:26 Scale Mail Armor
35:59 Pikeman
37:08 Chain Mail Armor
36:16 Capped Ram
36:45 Halberdier
40:27 Bodkin Arrow
41:14 Bracer
alktam
5:43 Loom
8:27 Feudal Age
9:08 Double-Bit Axe
9:04 Horse Collar
13:12 Fletching
22:35 Castle Age
23:45 Bodkin Arrow
24:12 Guard Tower
26:17 Ballistics
26:18 Svan Towers
26:52 Masonry
33:22 Bow Saw
33:40 Scale Mail Armor
33:50 Forging
34:59 Wheelbarrow
37:09 Pikeman
39:28 Squires
39:14 Gambesons
47:01 Imperial Age
44:49 Hand Cart
44:20 Town Watch
45:39 Treadmill Crane
46:24 Chain Mail Armor
46:45 Iron Casting
46:31 Bow Saw
46:23 Heavy Plow
46:14 Gold Mining
48:40 Plate Mail Armor
zularombr
5:19 Loom
8:12 Feudal Age
11:03 Man-at-Arms
16:57 Town Watch
17:17 Arson
18:22 Fletching
23:39 Forging
28:19 Castle Age
26:47 Scale Barding Armor
27:09 Bloodlines
29:37 Iron Casting
28:28 Light Cavalry
31:20 Bodkin Arrow
32:35 Horse Collar
33:08 Double-Bit Axe
35:00 Wheelbarrow
35:00 Bow Saw
34:55 Stone Mining
35:12 Guard Tower
36:21 Padded Archer Armor
36:45 Ballistics
36:16 Elite Skirmisher
37:59 Leather Archer Armor
44:31 Imperial Age
43:02 Thumb Ring
49:33 Imperial Age
念
10:02 Feudal Age
12:04 Double-Bit Axe
14:20 Castle Age
12:16 Horse Collar
15:46 Bow Saw
20:56 Wheelbarrow
21:17 Heavy Plow
23:48 Gold Mining
23:49 Stone Mining
25:25 Gold Shaft Mining
26:12 Stone Shaft Mining
25:44 Scale Barding Armor
25:50 Forging
26:04 Hand Cart
25:37 Loom
25:38 Town Watch
28:27 Imperial Age
27:51 Chain Barding Armor
28:06 Iron Casting
28:35 Bloodlines
28:25 Husbandry
28:30 Heavy Camel Rider
29:48 Plate Barding Armor
30:15 Two-Man Saw
30:40 Imperial Camel Rider
33:48 Chemistry
32:59 Masonry
32:35 Light Cavalry
35:10 Blast Furnace
34:07 Hussar
35:46 Conscription
37:45 Coinage
39:04 Banking
43:54 Padded Archer Armor
44:58 Leather Archer Armor
45:20 Siege Elephant
49:00 Ring Archer Armor
Warrior
11:37 Feudal Age
12:15 Double-Bit Axe
15:08 Castle Age
13:11 Stone Mining
13:43 Fletching
13:53 Horse Collar
15:20 Gold Mining
17:17 Bow Saw
17:31 Bodkin Arrow
23:21 Wheelbarrow
22:49 Padded Archer Armor
24:02 Leather Archer Armor
25:28 Bloodlines
34:12 Imperial Age
31:55 Scale Mail Armor
31:47 Pikeman
33:17 Squires
33:03 Arson
33:33 Forging
34:22 Chain Mail Armor
34:34 Ballistics
35:59 Chemistry
35:04 Bracer
34:54 Loom
35:50 Conscription
36:27 Husbandry
38:05 Elite Mangudai
39:32 Capped Ram
41:24 Scale Barding Armor
41:55 Iron Casting
42:01 Drill
42:49 Heavy Plow
43:42 Siege Ram
47:45 Chain Barding Armor
Gunslinger
11:04 Feudal Age
15:11 Castle Age
15:05 Loom
22:58 Horse Collar
35:47 Imperial Age
35:13 Wheelbarrow
34:44 Heavy Plow
35:14 Gold Mining
36:26 Double-Bit Axe
40:47 Hand Cart
41:18 Elite Janissary
42:29 Fletching
42:40 Padded Archer Armor
43:23 Gold Shaft Mining
42:39 Stone Mining
44:25 Bodkin Arrow
44:45 Leather Archer Armor
45:53 Bracer
Connection lost

Rejoining the realm…

Still unreachable

The connection could not be restored.

Session expired

The server has moved on; the page needs a fresh start.